 Dungeon Crawl Stone Soup version 0.20.1-1-g8b1a95d (webtiles) character file.

18025 KoningWillie the Carver (level 12, 0/106 HPs)
             Began as a Minotaur Fighter on Oct 28, 2017.
             Was a High Priest of Okawaru.
             Slain by a two-headed ogre
             ... wielding a +0 giant club
              (12 damage)
             ... on level 14 of the Dungeon on Oct 29, 2017.
             The game lasted 00:44:35 (10968 turns).

KoningWillie the Carver (Minotaur Fighter)         Turns: 10968, Time: 00:44:35

Health: 0/106      AC: 22    Str: 25    XL:     12   Next: 24%
Magic:  13/15      EV: 11    Int:  5    God:    Okawaru [*****.]
Gold:   400        SH: 15    Dex: 11    Spells: 11/11 levels left

rFire    + + .     SeeInvis .   B - +5 demon blade (elec)
rCold    x . .     Gourm    .   c - +0 shield
rNeg     . . .     Faith    .   h - +1 plate armour {rF+}
rPois    .         Spirit   .   (helmet restricted)
rElec    .         Reflect  .   (no cloak)
rCorr    .         Harm     .   H - +1 pair of gloves
MR       +....                  y - +0 pair of boots
Stlth    ..........             (no amulet)
Regen    0.3/turn               E - ring of fire
MPRegen  0.2/turn               q - ring of protection from magic

@: heroism
A: retaliatory headbutt, horns 2
a: Heroism, Finesse, Renounce Religion


You were on level 14 of the Dungeon.
You worshipped Okawaru.
Okawaru was extremely pleased with you.
You were not hungry.

You visited 1 branch of the dungeon, and saw 14 of its levels.

You collected 610 gold pieces.
You spent 210 gold pieces at shops.

Inventory:

Hand Weapons
 a - a +1 long sword
 B - a +5 demon blade of electrocution (weapon)
Armour
 b - a +0 scale mail
 c - a +0 shield (worn)
 h - a +1 plate armour of fire resistance (worn)
 y - a +0 pair of boots (worn)
 H - a +1 pair of gloves (worn)
Jewellery
 m - an uncursed ring of positive energy
 q - a ring of protection from magic (right hand)
 E - a ring of fire (left hand)
Wands
 i - a wand of random effects (15/48)
 k - a wand of flame (34/48)
 w - a wand of enslavement (1/24)
 A - a wand of digging (10/24)
Scrolls
 e - a scroll of holy word
 p - 2 scrolls of amnesia
 s - a scroll of identify
 v - a scroll of summoning {unknown}
 z - 2 scrolls of remove curse
 F - a scroll of enchant weapon
 G - 2 scrolls of magic mapping
 I - 2 scrolls of enchant armour
Potions
 d - 3 potions of might
 j - 3 potions of curing {unknown}
 n - 4 potions of mutation
 o - 3 potions of brilliance {unknown}
 r - a potion of berserk rage {unknown}
 t - 3 potions of resistance
 u - a potion of cancellation {unknown}
 D - 2 potions of ambrosia {unknown}
 K - 4 potions of haste
 L - a potion of lignification {unknown}
Books
 C - a book of Clouds

   Spells                             Type                      Level
   a - Poisonous Vapours              Poison/Air                   2
   b - Mephitic Cloud                 Conjuration/Poison/Air       3
   c - Conjure Flame                  Conjuration/Fire             3
   d - Freezing Cloud                 Conjuration/Ice/Air          6
   e - Ring of Flames                 Charms/Fire                  7
Comestibles
 f - 5 bread rations
 g - 5 meat rations
 l - 2 royal jellies
 x - 9 fruits


   Skills:
 + Level 9.8(14.8) Fighting
 + Level 13.7(18.7) Long Blades
 + Level 11.0(16.0) Armour
 + Level 2.2(7.2) Dodging
 + Level 0.6(5.6) Stealth
 + Level 11.4(16.4) Shields
 * Level 6.5 Invocations
 - Level 2.1 Evocations


You had 11 spell levels left.
You didn't know any spells.

Dungeon Overview and Level Annotations

Branches:
Dungeon (15/15)            Temple (0/1) D:5
   Lair: D:8-11         Orc: D:9-12      Vaults: D:13-14     Depths: D:15

Altars:
Cheibriados
Dithmenos
Makhleb
Nemelex Xobeh
Okawaru
Qazlal
Trog
Yredelemnul
The Shining One

Shops:
D:11 %

Portals:
Labyrinth: D:14

Annotations:
D:9 ZaListios's ghost, novice MiBe
D:10 Nergalle


Innate Abilities, Weirdness & Mutations

You reflexively headbutt those who attack you in melee.
You have a pair of horns on your head.


Message History

You block the hippogriff's attack. x2
You slice the hippogriff!!
The hippogriff is severely wounded.
The hippogriff changes into a moth of wrath!
You block the two-headed ogre's attack. x2
You hit the moth of wrath but do no damage.
Your headbutt misses the moth of wrath.
The moth of wrath is moderately wounded.
You completely miss the moth of wrath.
The moth of wrath is moderately wounded.
The moth of wrath goads the two-headed ogre on!
The two-headed ogre goes berserk!
You block the two-headed ogre's attack. x2
You closely miss the moth of wrath.
The moth of wrath is moderately wounded.
You block the moth of wrath's attack.
You hit the two-headed ogre but do no damage.
Lightning courses through the two-headed ogre!
The two-headed ogre is lightly wounded.
The two-headed ogre hits you with a giant club!
You die...

### #.# #.#####
#...... #......
#####..####
######.......#
###...##.###...###
#@OO..'....+......
#y#O..##..##...###
#a.............(..
########).##..####
#######..##..#
#..............
####......##....
#......##..###
#......##....


You could see 3 two-headed ogres, a moth of wrath shaped shifter and a soldier
ant.

Vanquished Creatures
  Azrael (D:14)
  Snorg (D:12)
  3 centaur warriors
  4 two-headed ogres
  An ogre mage (D:14)
  An ugly thing (D:12)
  The ghost of yogakurto the Skirmisher, a novice MfBe of Trog (D:7)
  A manticore (D:12)
  A kobold demonologist (D:14)
  2 trolls
  2 hippogriffs (D:11)
  2 shadows
  15 yaks
  3 wyverns
  The ghost of Irenicus the Chopper, an amateur DDMo (D:3)
  4 fire elementals (D:14)
  3 vampire mosquitoes (D:13)
  2 acid dragons
  A water moccasin (D:10)
  2 orc warriors
  3 ice beasts
  2 eyes of draining
  8 sky beasts
  7 ogres
  4 necrophages
  8 centaurs
  4 bullfrogs
  4 scorpions
  3 killer bees (D:10)
  A howler monkey (D:11)
  A bullfrog zombie (D:7)
  6 crimson imps
  2 centaur zombies (D:6)
  7 hounds
  4 orc priests
  A bullfrog skeleton (D:12)
  5 iguanas
  15 orc wizards
  4 worker ants
  2 worker ant zombies (D:11)
  2 howler monkey zombies (D:6)
  10 adders
  A howler monkey skeleton (D:4)
  2 shadow imps
  3 oozes
  An adder zombie (D:6)
  6 worms
  A dart slug (D:3)
  A leopard gecko (D:3)
  26 orcs
  4 giant cockroaches
  8 goblins
  7 hobgoblins
  4 jackals (D:2)
  4 quokkas
  A ball python (D:2)
  6 bats
  A frilled lizard (D:2)
  A giant cockroach zombie (D:6)
  A jackal zombie (D:6)
  7 kobolds
  A leopard gecko skeleton (D:4)
  A leopard gecko zombie (D:6)
  8 rats
249 creatures vanquished.

Vanquished Creatures (collateral kills)
  A yak (D:10)
1 creature vanquished.

Vanquished Creatures (others)
  A cyclops (D:13)
  3 yaks
  A howler monkey (D:13)
  A jelly (D:12)
  An orc (D:13)
7 creatures vanquished.

Grand Total: 257 creatures vanquished

Notes
Turn   | Place    | Note
-------+----------+-------------------------------------------
     0 | D:1      | KoningWillie the Minotaur Fighter began the quest for the Orb.
     0 | D:1      | Reached XP level 1. HP: 19/19 MP: 0/0
   593 | D:2      | Reached XP level 2. HP: 27/27 MP: 1/1
   607 | D:2      | Found an iron altar of Okawaru.
   615 | D:2      | Became a worshipper of Warmaster Okawaru
   681 | D:2      | Reached XP level 3. HP: 31/33 MP: 2/2
  1458 | D:2      | Reached XP level 4. HP: 40/40 MP: 3/3
  1730 | D:3      | Noticed Irenicus's ghost (amateur DDMo)
  1748 | D:3      | Killed Irenicus's ghost
  1748 | D:3      | Reached skill level 4 in Long Blades
  1748 | D:3      | Reached skill level 5 in Armour
  1748 | D:3      | Reached XP level 5. HP: 18/47 MP: 4/4
  1992 | D:3      | Found a basalt altar of Yredelemnul.
  1997 | D:3      | Found a snail-covered altar of Cheibriados.
  1999 | D:3      | Found a shadowy altar of Dithmenos.
  2000 | D:3      | Found a bloodstained altar of Trog.
  2447 | D:3      | Reached XP level 6. HP: 47/53 MP: 5/5
  2549 | D:4      | Reached skill level 5 in Long Blades
  2554 | D:4      | Reached * piety under Okawaru
  2596 | D:4      | Found a burning altar of Makhleb.
  2686 | D:4      | Found a glowing golden altar of the Shining One.
  2728 | D:4      | Reached skill level 5 in Shields
  3480 | D:5      | Entered Level 5 of the Dungeon
  3553 | D:5      | Reached skill level 6 in Long Blades
  3553 | D:5      | Reached XP level 7. HP: 52/60 MP: 6/6
  3589 | D:5      | Noticed a moth of wrath
  3714 | D:5      | Reached skill level 5 in Fighting
  3831 | D:5      | Reached ** piety under Okawaru
  3935 | D:5      | Found a staircase to the Ecumenical Temple.
  3989 | D:5      | Found a bloodstained altar of Trog.
  4143 | D:6      | Reached skill level 7 in Long Blades
  4252 | D:6      | Reached XP level 8. HP: 61/69 MP: 7/7
  4438 | D:6      | Found a stormy altar of Qazlal.
  4711 | D:6      | Reached skill level 8 in Long Blades
  5330 | D:7      | Reached skill level 1 in Dodging
  5340 | D:7      | Reached *** piety under Okawaru
  5340 | D:7      | Reached skill level 9 in Long Blades
  5356 | D:7      | Reached XP level 9. HP: 19/78 MP: 5/8
  5648 | D:7      | Reached **** piety under Okawaru
  5648 | D:7      | Reached skill level 10 in Long Blades
  5684 | D:7      | Noticed yogakurto's ghost (novice MfBe)
  5720 | D:7      | Killed yogakurto's ghost
  6052 | D:7      | You fall through a shaft for 2 floors!
  6093 | D:9      | Noticed ZaListios's ghost (novice MiBe)
  6143 | D:9      | Found a stormy altar of Qazlal.
  6191 | D:10     | Entered Level 10 of the Dungeon
  6210 | D:10     | Reached skill level 11 in Long Blades
  6220 | D:10     | Reached ***** piety under Okawaru
  6232 | D:10     | Reached XP level 10. HP: 57/86 MP: 9/9
  6520 | D:10     | Reached skill level 1 in Invocations
  6548 | D:10     | Reached skill level 1 in Evocations
  6967 | D:10     | Received a gift from Okawaru
  6998 | D:10     | Found a sparkling altar of Nemelex Xobeh.
  7000 | D:10     | Noticed a two-headed ogre
  7270 | D:10     | Noticed Nergalle
  7625 | D:11     | Reached skill level 12 in Long Blades
  7769 | D:11     | Noticed a two-headed ogre
  7786 | D:10     | Noticed a two-headed ogre
  7794 | D:11     | Killed a two-headed ogre
  7794 | D:11     | Reached skill level 10 in Shields
  7956 | D:12     | Noticed a manticore
  7972 | D:12     | Killed a manticore
  7972 | D:12     | Reached XP level 11. HP: 30/93 MP: 9/12
  8227 | D:12     | Noticed Snorg
  8237 | D:11     | Found Qairih's Food Boutique.
  8251 | D:11     | Bought a meat ration for 70 gold pieces
  8251 | D:11     | Bought a meat ration for 70 gold pieces
  8251 | D:11     | Bought a meat ration for 70 gold pieces
  8389 | D:12     | Noticed a two-headed ogre
  8400 | D:12     | Killed a two-headed ogre
  8400 | D:12     | Received a gift from Okawaru
  8400 | D:12     | Reached skill level 10 in Armour
  8684 | D:12     | Noticed a yaktaur captain
  8684 | D:12     | Noticed a phantasmal warrior
  8907 | D:12     | Killed Snorg
  9778 | D:13     | Noticed a vault guard
  9827 | D:12     | Noticed a red ugly thing
 10169 | D:13     | Noticed a two-headed ogre
 10186 | D:13     | Killed a two-headed ogre
 10248 | D:13     | Reached skill level 5 in Invocations
 10294 | D:13     | Noticed a centaur warrior
 10315 | D:13     | Killed a centaur warrior
 10349 | D:12     | Killed a red ugly thing
 10349 | D:12     | Reached skill level 13 in Long Blades
 10489 | D:14     | Found a labyrinth entrance.
 10496 | D:14     | Noticed Azrael
 10510 | D:14     | Killed Azrael
 10561 | D:14     | Noticed a centaur warrior
 10568 | D:14     | Noticed a centaur warrior
 10585 | D:14     | Killed a centaur warrior
 10585 | D:14     | Received a gift from Okawaru
 10585 | D:14     | Reached XP level 12. HP: 100/105 MP: 15/15
 10590 | D:14     | Killed a centaur warrior
 10932 | D:15     | Entered Level 15 of the Dungeon
 10932 | D:15     | Noticed an ogre mage
 10932 | D:15     | Noticed a two-headed ogre
 10932 | D:15     | Noticed a two-headed ogre
 10932 | D:15     | Noticed a two-headed ogre
 10932 | D:15     | Noticed a two-headed ogre
 10938 | D:14     | Killed a two-headed ogre
 10944 | D:14     | Killed an ogre mage
 10968 | D:14     | Slain by a two-headed ogre

Skill      XL: |  1  2  3  4  5  6  7  8  9 10 11 12 |
---------------+-------------------------------------+-----
Armour         | 4 5 6 7 8 9 10 11 | 11.0
Fighting       | 4 5 6 7 8 9 |  9.8
Shields        | 4 5 6 7 8 10 11 | 11.4
Long Blades    | 4 6 7 9 11 12 13 | 13.7
Dodging        | 1 2 |  2.2
Invocations    | 3 5 6 |  6.5
Evocations     | 1 2 |  2.1
Stealth        | |  0.6

Action                   |  1- 3 |  4- 6 |  7- 9 | 10-12 || total
-------------------------+-------+-------+-------+-------++-------
Melee: Long sword        |    78 |   142 |   338 |   446 ||  1004
       Headbutt          |    13 |    26 |    70 |   114 ||   223
       Demon blade       |       |       |       |    58 ||    58
Invok: Heroism           |       |       |     1 |     8 ||     9
Evoke: Wand              |       |       |     2 |    25 ||    27
  Use: Scroll            |       |    10 |       |    22 ||    32
       Potion            |       |       |       |     5 ||     5
  Eat: Meat ration       |     1 |     1 |     1 |     3 ||     6
       Bread ration      |       |       |     1 |       ||     1
Armor: Plate armour      |    55 |    99 |   165 |   311 ||   630
Dodge: Dodged            |    10 |    30 |    68 |   124 ||   232
Block: Shield            |    36 |    84 |   179 |   313 ||   612
       Rpst.: Long sword |     2 |     9 |    15 |    25 ||    51
       Demon blade       |       |       |       |     2 ||     2
